 Dungeon Crawl Stone Soup version 0.30-a0-953-g5f1da4a474 (webtiles) character file.

Game seed: 17471086086058960824

4282 Newt the Spear-Bearer (level 10, -1/59 HPs)
             Began as a Kobold Hunter on Mar 28, 2023.
             Was an Initiate of Hepliaklqana.
             Slain by Erica
             ... wielding a +0 scimitar of flaming
              (12 damage)
             ... on level 8 of the Dungeon.
             The game lasted 00:08:36 (6637 turns).

Newt the Spear-Bearer (Kobold Hunter)               Turns: 6637, Time: 00:08:36

Health: -1/59      AC:  7    Str: 16    XL:     10   Next: 57%
Magic:  10/10      EV: 16    Int: 11    God:    Hepliaklqana [......]
Gold:   291        SH:  0    Dex: 23    Spells: 9/9 levels left

rFire   + . .      SeeInvis .    j - +6 spear of Dutu {vamp, Drain rPois Str+6 Dex+2}
rCold   . . .      Faith    .    i - +0 kite shield
rNeg    . . .      Spirit   .    r - +2 leather armour "Ryuhajepess" {Drain Fly rCorr Slay+3}
rPois   +          Reflect  .    d - +1 helmet
rElec   .          Rampage  .    (no cloak)
rCorr   +                        (no gloves)
Will    .....                    (no boots)
Stlth   ++                       (no amulet)
HPRegen 0.29/turn                e - ring of protection from fire
MPRegen 0.12/turn                (no ring)

@: confused, flying, slowed, very slow
A: small, no large weapons, nightstalker 3
a: Renounce Religion


You were on level 8 of the Dungeon.
You worshipped Hepliaklqana.
Hepliaklqana was noncommittal.
You visited 2 branches of the dungeon, and saw 9 of its levels.

You collected 494 gold pieces.
You spent 203 gold pieces at shops.

Inventory:

Hand Weapons
 a - a +1 shortbow
 j - the +6 spear of Dutu (weapon) {vamp, Drain rPois Str+6 Dex+2}
   (You found it on level 2 of the Dungeon)

   Str:       It affects your strength (+6).
   Dex:       It affects your dexterity (+2).
   rPois:     It protects you from poison.
   Drain:     It drains your maximum health when unequipped.
 A - the +9 quarterstaff of Plunder {venom, rCorr Dex+3}
   (You found it on level 7 of the Dungeon)

   Dex:       It affects your dexterity (+3).
   rCorr:     It protects you from acid and corrosion.
Missiles
 b - a throwing net
Armour
 c - a +0 leather armour
 d - a +1 helmet (worn)
 i - a +0 kite shield (worn)
 r - the +2 leather armour "Ryuhajepess" (worn) {Drain Fly rCorr Slay+3}
   (You bought it in a shop on level 5 of the Dungeon)

   Slay:      It affects your accuracy & damage with ranged weapons and melee
   (+3).
   Fly:       It grants you flight.
   rCorr:     It protects you from acid and corrosion.
   Drain:     It drains your maximum health when unequipped.
Jewellery
 e - a ring of protection from fire (left hand)
Wands
 l - a wand of light (7)
 n - a wand of flame (27)
Scrolls
 p - a scroll of blinking
 q - a scroll of fog
 t - a scroll of enchant armour
 v - a scroll of torment {unknown}
 x - a scroll of teleportation
 y - a scroll of amnesia
Potions
 f - a potion of magic
 g - a potion of cancellation
 h - 2 potions of lignification
 k - 2 potions of degeneration
 m - 2 potions of heal wounds
 o - a potion of attraction {unknown}
 s - 3 potions of curing
 u - a potion of berserk rage {unknown}
 w - 2 potions of brilliance {unknown}
 z - a potion of flight {unknown}


   Skills:
 - Level 5.0 Fighting
 + Level 8.9 Polearms
 - Level 5.3 Ranged Weapons
 - Level 6.0 Dodging
 - Level 1.3 Stealth
 - Level 5.0 Shields
 - Level 6.0 Evocations


You had 9 spell levels left.
You didn't know any spells.
Your spell library contained the following spells:

 Spells                   Type           Power      Damage    Failure   Level
 Beastly Appendage        Tmut           0%         N/A       89%         1
 Magic Dart               Conj           0%         1d3       89%         1
 Summon Small Mammal      Summ           0%         N/A       89%         1
 Call Imp                 Summ           0%         N/A       96%         2
 Wereblood                Tmut           0%         N/A       96%         2
 Call Canine Familiar     Summ           0%         N/A       99%         3
 Mephitic Cloud           Conj/Pois/Air  0%         N/A       99%         3
 Spider Form              Tmut/Pois      0%         N/A       99%         3
 Summon Guardian Golem    Hex/Summ       0%         N/A       99%         3


Dungeon Overview and Level Annotations

Branches:
Dungeon (8/15)             Temple (1/1) D:7            Lair (0/5) D:8

Altars:
Ashenzari
Cheibriados
Dithmenos
Elyvilon
Fedhas
Gozag
Hepliaklqana
Makhleb
Nemelex Xobeh
Okawaru
Ru
Trog
Uskayaw
Wu Jian
Xom
Yredelemnul
Zin
The Shining One

Shops:
D:5 [   D:6 (

Annotations:
D:8 Erica


Innate Abilities, Weirdness & Mutations

You are small and have problems with some larger weapons.
You are completely attuned to the shadows.


Message History

Unknown command.
Erica gestures wildly while chanting.
Erica flickers and vanishes!
Deactivating autopickup; reactivate with Ctrl-A.
Something hits you! Something burns you.
You feel less confused. The orc wizard closely misses you.
Something closely misses you.
You feel yourself slow down.
The orc wizard attacks as you move away!
You block the orc wizard's attack.
You hear a zap.
Your will is overpowered!
You are confused.
The orc wizard gestures at you while chanting.
You easily resist.
You hear a zap.
Your will is overpowered!
You are more confused.
You bump into the rock wall.
The orc wizard casts a spell.
The orc wizard flickers and vanishes!
You bump into the rock wall.
You hear a zap.
Something tries to affect you, but you resist.
Something hits you but does no damage.
You bump into the rock wall.
Something hits you. Something completely misses you.
You bump into the rock wall.
You hear some strange, mumbled words.
You are more confused.
You hear some strange, mumbled words.
A magic dart appears from out of thin air!
The magic dart hits you! Something hits you but does no damage.
Something hits you! Something burns you.
You bump into the rock wall.
You hear some strange, mumbled words.
A magic dart appears from out of thin air!
The magic dart hits you. Something hits you!
* * * LOW HITPOINT WARNING * * *
Unknown command.
You puncture something! Something barely misses you. Something hits you!
You die...

##.<# #.... #.#.# #.#..
############..###### #.#..
#.........##.......####....
#.........##>.....>##.....#
#.)......{##...........#.##
.........{@.........#....##
#.).......##...............
..........##...............
>.........##..?....#......
############....).....##
............. .............
.........#.## ..........#


There were no monsters in sight!

Vanquished Creatures
  Pikel (D:4)
  A troll (D:8)
  Sigmund (D:4)
  A wraith (D:8)
  3 steam dragons (D:7)
  An acid dragon (D:7)
  3 water moccasins
  A black bear (D:6)
  2 sky beasts (D:7)
  3 ice beasts
  4 ogres
  A phantom (D:6)
  4 lemures (D:4)
  4 bullfrogs
  Blork the orc (D:4)
  6 scorpions
  4 wights (D:5)
  2 jellies (D:4)
  3 orc priests
  2 hounds
  A sleepcap (D:6)
  Natasha (twice) (D:4)
  3 iguanas
  3 orc wizards
  4 gnolls
  4 adders
  An ufetubus (D:5)
  A worm (D:2)
  2 dart slugs
  12 orcs
  3 endoplasms
  4 giant cockroaches
  11 goblins
  6 hobgoblins
  3 jackals (D:2)
  6 quokkas
  6 ball pythons
  3 bats (D:2)
  4 frilled lizards
  5 kobolds
  2 rats (D:3)
134 creatures vanquished.

Notes
Turn   | Place    | Note
-------+----------+-------------------------------------------
     0 | D:1      | Newt the Kobold Hunter began the quest for the Orb.
     0 | D:1      | Reached XP level 1. HP: 12/12 MP: 1/1
    60 | D:1      | Reached XP level 2. HP: 18/18 MP: 2/2
   304 | D:1      | Reached XP level 3. HP: 23/23 MP: 3/3
   613 | D:2      | Identified the +6 spear of Dutu {vamp, Drain rPois Str+6
                  | Dex+2}
  1228 | D:3      | Reached XP level 4. HP: 30/30 MP: 4/4
  1717 | D:4      | Noticed Blork the orc
  1722 | D:4      | Noticed a scorpion
  1729 | D:4      | Killed Blork the orc
  1730 | D:4      | Reached skill level 5 in Fighting
  1730 | D:4      | Reached skill level 1 in Polearms
  1730 | D:4      | Reached XP level 5. HP: 17/35 MP: 5/5
  1734 | D:4      | Reached skill level 2 in Polearms
  1790 | D:4      | Reached XP level 6. HP: 14/40 MP: 6/6
  1919 | D:4      | Noticed Natasha
  1927 | D:5      | Entered Level 5 of the Dungeon
  1947 | D:5      | HP: 2/40 [gnoll/+0 club (3)]
  1965 | D:6      | Reached skill level 3 in Polearms
  2082 | D:6      | Reached skill level 4 in Polearms
  2082 | D:6      | Reached XP level 7. HP: 43/44 MP: 7/7
  2135 | D:5      | Found Xeitran's Antique Armour Boutique.
  2380 | D:5      | Bought a warped leather armour for 203 gold pieces
  2380 | D:5      | Identified the +2 leather armour "Ryuhajepess" {Drain Fly
                  | rCorr Slay+3} (You bought it in a shop on level 5 of the
                  | Dungeon)
  2678 | D:5      | Reached skill level 5 in Polearms
  2778 | D:4      | Found a bloodstained altar of Trog.
  2779 | D:4      | Found an ornate altar of the Wu Jian Council.
  2782 | D:4      | Found a white marble altar of Elyvilon.
  2866 | D:4      | Reached skill level 1 in Shields
  2984 | D:4      | Noticed Sigmund
  2988 | D:4      | Noticed Pikel
  2999 | D:4      | Killed Sigmund
  3000 | D:4      | Reached XP level 8. HP: 37/49 MP: 8/8
  3029 | D:4      | Killed Pikel
  3030 | D:4      | Reached skill level 5 in Shields
  3482 | D:4      | Reached XP level 9. HP: 54/54 MP: 9/9
  3487 | D:4      | Reached skill level 6 in Polearms
  3505 | D:4      | Killed Natasha
  3572 | D:4      | Noticed Natasha
  3577 | D:4      | Killed Natasha
  3969 | D:5      | Identified the +3 barding of Subjectivity {Int+3 Dex-4
                  | Slay+4 Stlth+}
  3989 | D:5      | Reached skill level 7 in Polearms
  4503 | D:6      | Reached skill level 8 in Polearms
  4636 | D:6      | Found Ypitul's Weapon Shop.
  5012 | D:6      | Reached skill level 5 in Dodging
  5342 | D:7      | Identified the +9 quarterstaff of Plunder {venom, rCorr
                  | Dex+3}
  5404 | D:7      | Reached skill level 1 in Evocations
  5404 | D:7      | Reached XP level 10. HP: 59/59 MP: 10/10
  5666 | D:7      | Reached skill level 5 in Evocations
  5769 | D:7      | Found a staircase to the Ecumenical Temple.
  5827 | Temple   | Entered the Ecumenical Temple
  5832 | Temple   | Became a worshipper of Hepliaklqana the Forgotten
  6617 | D:8      | Noticed Erica
  6618 | D:8      | Found a staircase to the Lair.
  6637 | D:8      | Slain by Erica

Illustrated notes

Levels and vault maps discovered:
D:1:      ebering_trefoil_twist, layout_rooms
D:2:      layout_rooms, serial_glass, glass_columns_a, glass_columns_a
D:3:      layout_loops_ring, roderic_st_hans_cross
D:4:      layout_rooms, minitemple, minmay_hedge_maze, kennysheep_doodads,
          uniq_sigmund, uniq_natasha, uniq_pikel, uniq_blork_the_orc
D:5:      layout_loops_ring, serial_shops, nicolae_stop_n_shop_1
D:6:      layout_loops_ring, kennysheep_small_square
D:7:      layout_loops_corners, minmay_temple_entry_proselytizer,
          minmay_misc_feat_tiny, feat_on_display
D:8:      layout_rooms, lair_entry_dummy, ebering_ghost_inner_flame, uniq_erica,
          uniq_prince_ribbit1
Temple:   minmay_freezing_vapour_temple

Skill      XL: |  1  2  3  4  5  6  7  8  9 10 |
---------------+-------------------------------+-----
Fighting       | 3 4 5 |  5.0
Polearms       | 1 2 4 5 8 |  8.9
Shields        | 3 5 |  5.0
Dodging        | 6 |  6.0
Evocations     | 1 6 |  6.0
Ranged Weapons | |  5.3
Stealth        | |  1.3

Action                     |  1- 3 |  4- 6 |  7- 9 | 10-12 || total
---------------------------+-------+-------+-------+-------++-------
  Melee: Spear             |    27 |    59 |   275 |   114 ||   475
         Punch             |     1 |     1 |       |       ||     2
   Fire: Shortbow          |    55 |       |       |       ||    55
  Evoke: Wand              |       |     1 |     4 |       ||     5
    Use: Scroll            |     4 |     3 |     8 |       ||    15
         Potion            |       |     2 |       |       ||     2
   Stab: Sleeping          |     5 |     4 |    22 |    11 ||    42
         Distracted        |     1 |       |     1 |       ||     2
         Invisible         |       |       |     2 |       ||     2
 Armour: Leather armour    |     7 |    17 |    31 |    12 ||    67
  Dodge: Dodged            |    31 |    34 |    81 |    48 ||   194
  Block: Kite shield       |       |       |    92 |    37 ||   129

Table legend: (Time is in decaauts)
 A = Elapsed time spent in this place.
 B = Non-inter-level travel time spent in this place.
 C = Inter-level travel time spent in this place.
 D = Time resting spent in this place.
 E = Time spent auto-exploring this place.
 F = Levels seen in this place.
 G = Mean time per level.
                   A        B        C        D        E       F      G
               +--------+--------+--------+--------+--------+-----+--------+
         Total |   6663 |   6309 |    354 |    765 |   4475 |   9 |  740.3 |
       Dungeon |   6652 |   6304 |    348 |    765 |   4475 |   8 |  831.5 |
        Temple |     10 |      5 |      5 |      0 |      0 |   1 |   10.0 |
               +--------+--------+--------+--------+--------+-----+--------+

Top non-repeatable levels by time:
     D:4: 1281 daAuts
     D:5: 1279 daAuts
     D:7: 1260 daAuts
     D:6: 960 daAuts
     D:3: 714 daAuts
     D:1: 562 daAuts
     D:2: 451 daAuts
     D:8: 142 daAuts
  Temple: 10 daAuts
